 Dungeon Crawl Stone Soup version 0.28-a0-1447-ga5a8893891 (webtiles) character file.

Game seed: 7471134249949845877

616 oldriver the Skirmisher (level 7, -3/59 HPs)
             Began as a Formicid Chaos Knight on Jan 11, 2022.
             Was a Plaything of Xom.
             Killed from afar by a white imp (10 damage)
             ... with a puff of frost
             ... on level 5 of the Dungeon.
             The game lasted 00:04:43 (5176 turns).

oldriver the Skirmisher (Formicid Chaos Knight)     Turns: 5176, Time: 00:04:44

Health: -3/59      AC: 15    Str: 18    XL:     7   Next: 73%
Magic:  7/7        EV:  7    Int: 18    God:    Xom [....*.]
Gold:   213        SH:  0    Dex: 12    Spells: 6/6 levels left

rFire   + . .      SeeInvis +   a - +0 hand axe (chaos)
rCold   . . .      Faith    .   (no shield)
rNeg    . . .      Spirit   .   y - +0 chain mail
rPois   .          Reflect  .   (helmet unavailable)
rElec   .          Harm     .   t - +0 cloak
rCorr   .          Rampage  .   (no gloves)
Will    +....                   f - +0 pair of boots
Stlth   ..........              (no amulet)
HPRegen 0.19/turn               l - +6 ring of intelligence
MPRegen 0.10/turn               (no ring)

@: no status effects
A: permanent stasis, dig shafts and tunnels, antennae 3, four strong arms,
talons 2, iridescent scales 2, agile 1, fire resistance 1, strong-willed 1
a: Dig, Shaft Self, Renounce Religion


You were on level 5 of the Dungeon.
You worshipped Xom.
You were a beloved toy of Xom.
You visited 1 branch of the dungeon, and saw 5 of its levels.

You collected 213 gold pieces.

Inventory:

Hand Weapons
 a - a +0 hand axe of chaos (weapon)
 u - a +2 whip of venom
Missiles
 s - a throwing net
 v - 3 atropa-tipped darts
Armour
 b - a +2 leather armour
 f - a +0 pair of boots (worn)
 t - a +0 cloak (worn)
 y - a +0 chain mail (worn)
Jewellery
 d - a ring of fire
 l - a +6 ring of intelligence (left hand)
 x - a ring of positive energy
Scrolls
 e - a scroll of teleportation {unknown}
 g - 2 scrolls of fog {unknown}
 k - a scroll of blinking {unknown}
 m - a scroll of summoning {unknown}
 n - 2 scrolls of torment {unknown}
 o - 2 scrolls of identify {unknown}
 q - 3 scrolls of enchant weapon {unknown}
 w - a scroll of magic mapping {unknown}
Potions
 c - a potion of heal wounds {unknown}
 h - 5 potions of curing {unknown}
 i - 2 potions of mutation {unknown}
 j - a potion of ambrosia {unknown}
 p - a potion of flight {unknown}
 r - a potion of haste {unknown}


   Skills:
 + Level 6.5 Fighting
 + Level 6.0 Axes
 + Level 3.6 Armour
 - Level 1.0 Dodging


You had 6 spell levels left.
You didn't know any spells.
Your spell library contained the following spells:

 Spells                   Type           Power      Damage    Failure   Level
 Magic Dart               Conj           0%         1d3       95%         1
 Searing Ray              Conj           0%         2d4       99%         2
 Fulminant Prism          Conj/Hex       0%         3d6       100%        4


Dungeon Overview and Level Annotations

Branches:
Dungeon (5/15)
 Temple: D:4-7

Altars:

Shops:
D:1 (


Innate Abilities, Weirdness & Mutations

You cannot be hasted, slowed, berserked, paralysed or teleported.
You can dig through walls and to a lower floor.
You have a pair of large antennae on your head. (SInv)
Your four strong arms can wield two-handed weapons with a shield.
You have razor-sharp toenails.
You are mostly covered in iridescent scales. (AC +4)
You are agile. (Dex +2)
Your flesh is heat resistant. (rF+)
You are strong-willed. (Will+)


Message History

The white imp hits you but does no damage.
You hit the white imp but do no damage.
The white imp is moderately wounded.
The white imp gestures at you. The puff of frost hits you.
You closely miss the white imp.
The white imp is moderately wounded.
The white imp barely misses you.
You closely miss the white imp.
The white imp is moderately wounded.
The white imp hits you but does no damage.
You hit the white imp but do no damage.
The white imp is moderately wounded.
The white imp hits you but does no damage.
You closely miss the white imp.
The white imp is moderately wounded.
The white imp hits you.
* * * LOW HITPOINT WARNING * * *
The white imp freezes you.
* * * LOW HITPOINT WARNING * * *
You closely miss the white imp.
The white imp is moderately wounded.
The white imp closely misses you.
You hit the white imp.
The white imp seems to speed up.
Xom thinks this is hilarious!
The white imp is severely wounded.
The white imp gestures at you. The puff of frost hits you.
* * * LOW HITPOINT WARNING * * *
The white imp completely misses you.
You closely miss the white imp.
The white imp is severely wounded.
The white imp gestures at you. The puff of frost hits you.
* * * LOW HITPOINT WARNING * * *
You hit the white imp but do no damage.
The white imp is severely wounded.
The white imp gestures at you. The puff of frost hits you!
You die...

#.# #.# #.#
#.# #.# . #.#
... #.#
.....###.#
......5@<#
.#.#.##......#
#.........
#......###
#......#
.......#
#..(...#
####<###


You could see a white imp (fast, strong).

Vanquished Creatures
  A water moccasin (D:5)
  A phantom (D:4)
  4 orc priests
  4 orc wizards (D:4)
  A killer bee zombie (D:4)
  4 gnolls (D:4)
  3 adders
  2 adder skeletons (D:4)
  A worm (D:2)
  5 dart slugs
  18 orcs
  8 endoplasms
  5 giant cockroaches
  4 goblins
  11 hobgoblins
  3 jackals (D:1)
  2 quokkas
  5 ball pythons
  11 bats
  14 kobolds
  4 rats (D:1)
111 creatures vanquished.

Notes
Turn   | Place    | Note
-------+----------+-------------------------------------------
     0 | D:1      | oldriver the Formicid Chaos Knight began the quest for the
                  | Orb.
     0 | D:1      | Reached XP level 1. HP: 18/18 MP: 1/1
    68 | D:1      | Reached skill level 1 in Dodging
    93 | D:1      | XOM: potion effect (curing)
    98 | D:1      | Reached XP level 2. HP: 23/24 MP: 2/2
   358 | D:1      | Reached XP level 3. HP: 30/30 MP: 3/3
   372 | D:1      | XOM: divination: detect creatures
   441 | D:1      | Found Fieloefi's Weapon Boutique.
   639 | D:1      | Found a faded altar of an unknown god.
   955 | D:1      | XOM: divination: detect items
  1153 | D:1      | XOM: give mutation
  1153 | D:1      | Gained mutation: You have sharp toenails. [Xom's mischief]
  1216 | D:1      | XOM: scenery: summon butterflies
  1270 | D:2      | XOM: noise
  1274 | D:2      | XOM: noise
  1355 | D:2      | XOM: give mutations
  1355 | D:2      | Gained mutation: You have hidden genetic potential. [Xom's
                  | grace]
  1355 | D:2      | Gained mutation: You are partially covered in iridescent
                  | scales. (AC +2) [Xom's grace]
  1355 | D:2      | Gained mutation: You are strong-willed. (Will+) [Xom's
                  | grace]
  1426 | D:2      | Reached XP level 4. HP: 36/37 MP: 4/4
  1763 | D:2      | Gained mutation: You are mostly covered in iridescent
                  | scales. (AC +4) [hidden potential]
  2369 | D:3      | Reached XP level 5. HP: 39/43 MP: 5/5
  2406 | D:3      | XOM: god gift: 47 gold pieces
  2746 | D:3      | Gained mutation: You are agile. (Dex +2) [hidden potential]
  2746 | D:3      | Lost mutation: You have hidden genetic potential. [hidden
                  | potential expressed]
  3172 | D:3      | XOM: summons 3 hostile shadow creatures
  3432 | D:4      | XOM: divination: magic mapping
  3438 | D:4      | XOM: fog
  3443 | D:4      | Xom revived you
  3798 | D:4      | Reached skill level 5 in Fighting
  3846 | D:4      | XOM: give mutations
  3846 | D:4      | Gained mutation: Your flesh is heat resistant. (rF+) [Xom's
                  | grace]
  3846 | D:4      | Gained mutation: You have razor-sharp toenails. [Xom's
                  | grace]
  4059 | D:4      | Reached XP level 6. HP: 49/51 MP: 6/6
  4105 | D:4      | Reached skill level 5 in Axes
  4508 | D:4      | Reached XP level 7. HP: 28/57 MP: 7/7
  4634 | D:4      | XOM: divination: magic mapping
  5013 | D:5      | Entered Level 5 of the Dungeon
  5013 | D:5      | Noticed a water moccasin
  5158 | D:5      | Killed a water moccasin
  5176 | D:5      | Killed from afar by a white imp

Illustrated notes

Levels and vault maps discovered:
D:1:      dpeg_arrival_court, layout_basic, serial_shops, shop,
          chequers_ecumenical_altar_simple, lemuel_old_faithful
D:2:      layout_basic, serial_corexii_hall, corexii_hall_statues_i,
          corexii_hall_statues_t
D:3:      layout_basic, kennysheep_generic_room_5
D:4:      layout_loops_cross
D:5:      layout_basic, minmay_temple_entry_arrows, gammafunk_ghost_cemetery

Skill      XL: |  1  2  3  4  5  6  7 |
---------------+----------------------+-----
Dodging        | 1 |  1.0
Armour         | 3 |  3.6
Fighting       | 4 5 6 |  6.5
Axes           | 4 5 6 |  6.0

Action                   |  1- 3 |  4- 6 |  7- 9 || total
-------------------------+-------+-------+-------++-------
Melee: Hand axe          |    89 |   236 |    62 ||   387
       Punch             |     1 |     4 |     1 ||     6
 Stab: Petrified         |       |     4 |       ||     4
Armor: Leather armour    |    53 |   107 |     6 ||   166
       Chain mail        |       |       |    18 ||    18
Dodge: Dodged            |   101 |   140 |    22 ||   263

Table legend: (Time is in decaauts)
 A = Elapsed time spent in this place.
 B = Non-inter-level travel time spent in this place.
 C = Inter-level travel time spent in this place.
 D = Time resting spent in this place.
 E = Time spent auto-exploring this place.
 F = Levels seen in this place.
 G = Mean time per level.
                   A        B        C        D        E       F      G
               +--------+--------+--------+--------+--------+-----+--------+
         Total |   5210 |   4937 |    273 |    624 |   3391 |   5 | 1042.0 |
       Dungeon |   5210 |   4937 |    273 |    624 |   3391 |   5 | 1042.0 |
               +--------+--------+--------+--------+--------+-----+--------+

Top non-repeatable levels by time:
     D:3: 1469 daAuts
     D:4: 1401 daAuts
     D:1: 1279 daAuts
     D:2: 1025 daAuts
     D:5: 35 daAuts
